 Dungeon Crawl Stone Soup version 0.19-a0-1225-gf887c1c (webtiles) character file.

117 vetinari the Changer (level 5, 0/44 HPs)
             Began as a Naga Transmuter on Aug 26, 2016.
             Killed by divine providence
             ... invoked by an orc priest
              (14 damage)
             ... on level 3 of the Dungeon.
             The game lasted 00:09:06 (3138 turns).

vetinari the Changer (Naga Transmuter)              Turns: 3138, Time: 00:09:07

Health: 0/44       AC:  2    Str: 11 (12) XL:     5   Next: 1%
Magic:  17/17      EV: 10    Int: 14      God:
Gold:   144        SH:  0    Dex: 11 (12) Spells: 2 memorised, 3 levels left

rFire  . . .     SeeInvis +       - Unarmed
rCold  . . .     Gourm    .     b - +0 robe
rNeg   . . .     Faith    .     (no shield)
rPois  +         Spirit   .     (no helmet)
rElec  .         Dismiss  .     (no cloak)
rCorr  .         Reflect  .     (no gloves)
MR     .....     Harm     .     (no barding)
Stlth  +.........               (no amulet)
                                (no ring)
                                r - ring of magical power

@: short of breath, very slow
A: see invisible, deformed body, deterioration 1, mutation resistance 1, sense
surroundings 1, poison resistance, slowness 2, slow metabolism 1, spit poison 2,
wild magic 1, AC +1
a: Spit Poison


You were on level 3 of the Dungeon.
You were hungry.

You visited 1 branch of the dungeon, and saw 3 of its levels.

You collected 144 gold pieces.

Inventory:

Hand Weapons
 f - a +1 dagger of draining
   (You found it on level 1 of the Dungeon)
Missiles
 a - 53 arrows
Armour
 b - a +0 robe (worn)
Jewellery
 r - a ring of magical power (left hand)
   (You found it on level 2 of the Dungeon)
Scrolls
 j - a scroll of fog
 n - a scroll of identify
 u - a scroll of blinking {unknown}
Potions
 e - a potion of resistance
 h - a potion of heal wounds {unknown}
 i - a potion of magic {unknown}
 l - a potion of ambrosia {unknown}
 t - a potion of cancellation {unknown}
Books
 c - a book of Changes
Comestibles
 d - 2 bread rations
 g - a slice of pizza
 k - 5 chunks of flesh
 m - 2 beef jerkies
 o - a meat ration


   Skills:
 - Level 1.2 Fighting
 - Level 1.6 Dodging
 - Level 3.2 Unarmed Combat
 - Level 2.0 Spellcasting
 + Level 4.7 Transmutations


You had 3 spell levels left.
You knew the following spells:

 Your Spells              Type           Power        Failure   Level  Hunger
b - Sticks to Snakes      Tmut           ###.....     10%         2    ###....
s - Spider Form           Tmut/Pois      ##........   38%         3    ####...


Dungeon Overview and Level Annotations

Branches:
Dungeon (3/15)

Altars:
Yredelemnul


Innate Abilities, Weirdness & Mutations

You cannot wear boots.
Your serpentine skin is tough. (AC +1)
You have supernaturally acute eyesight. (SInv)
Armour fits poorly on your strangely shaped body.
Your system is resistant to poisons. (rPois)
You cover ground very slowly.
You have a slow metabolism.
You can spit poison.
Your body sometimes deteriorates upon taking damage.
You are somewhat resistant to further mutation.
You passively map a small area around you.
Your spells are a little harder to cast, but a little more powerful.


Message History

You hit the orc.
The orc is poisoned.
The orc closely misses you.
You bite the orc!
You kill the orc!
Your transformation has ended.
Your +0 robe unmelds from your body.
You barely miss the orc. The orc closely misses you.
You hit the orc. The orc closely misses you.
You hit the orc but do no damage. The orc hits you with a short sword.
You take 1 damage, and have 34/38 hp.
You hit the orc but do no damage. The orc closely misses you.
You barely miss the orc. The orc closely misses you.
You hit the orc.
You kill the orc!
You swing at nothing.
Items here: )) [[[[ ††† You butcher the orc corpse.
k - 4 chunks of flesh
Items here: )) [[[[ †† MP restored: 16 You butcher the orc corpse.
k - 5 chunks of flesh (gained 1)
Items here: )) [[[[ ÷ †
There is an open door here.
You see here a club.
n - a scroll of identify You see here a dagger.
You see here a dagger.
You now have 124 gold pieces (gained 12).
There is an open door here.
You open the door.
There is an open door here.
You now have 133 gold pieces (gained 9).
You now have 144 gold pieces (gained 11).
A worm comes into view.
Health restored: 38 Unknown command.
A worm is nearby!
A worm is nearby!
Aim: a worm The splash of poison hits the worm.
You feel slightly more hungry.
An orc comes into view.
You turn into a venomous arachnid creature.
Your +0 robe melds into your body.
The orc shouts!
You have got your breath back.
You now have 13/16 mp.
There is an open door here.
You swing at nothing.
You swing at nothing.
There is an open door here.
You swing at nothing.
An orc priest comes into view. It is wielding a dagger.
The orc priest shouts!
You hit the worm but do no damage. You hit the worm but do no damage.
The worm is poisoned.
Your transformation is almost over.
The worm bites you.
You take 2 damage, and have 36/38 hp.
You barely miss the worm.
Unknown command.
You hit the worm.
The worm looks as sick as possible!
You kill the worm!
You have reached level 5!
The orc priest calls down the wrath of Beogh upon you.
Beogh smites you!
* * * LOW HITPOINT WARNING * * *
Your body deteriorates!
You feel weakened.
You take 8 damage, and have 29/44 hp.
Your transformation has ended.
Your +0 robe unmelds from your body.
The orc priest invokes the aid of Beogh against you.
Beogh smites you!
* * * LOW HITPOINT WARNING * * *
Your body deteriorates!
You feel clumsy.
You take 10 damage, and have 19/44 hp.
MASSIVE DAMAGE!!
The orc priest casts a cantrip, but nothing happens.
Unknown command.
You see here a scroll labeled AFAG COIN.
Unknown command.
MP restored: 17
Aim: an orc The splash of poison hits the orc.
The orc is poisoned.
You feel slightly more hungry.
You kill the orc!
You have got your breath back.
Aim: an orc priest, wielding a dagger The splash of poison hits the orc priest.
You are feeling hungry.
The orc priest calls down the wrath of Beogh upon you.
Beogh smites you!
* * * LOW HITPOINT WARNING * * *
You take 13 damage, and have 7/44 hp.
MASSIVE DAMAGE!!
You feel better.
The orc priest invokes the aid of Beogh against you.
Beogh smites you!
You die...

** #.#.#####.# #.....#.#
...##....#########.# *
##..##............... ,
#...##....#########[# *
#?#!##....#########.#
###########.#o##..............#
..........#.#.##....###########
* ..........#.#.##..........# #
..........#.#.@#.##.#####.# #
.....(....#o##.#.##.# #.#####
..........#†##.#.##.# #......
......w...#.##...##.# #######
..>.......#'###..##.# #..(...
.................##.# #8.....
.................##.# #......
...............#.##)# #8.....
######.........#.##)# #......


You could see an orc priest.

Vanquished Creatures
  A gnoll (D:1)
  2 adders (D:3)
  3 worms
  A dart slug (D:3)
  A giant gecko (D:3)
  5 orcs (D:3)
  2 giant cockroaches (D:1)
  20 goblins
  8 hobgoblins
  4 jackals (D:1)
  A quokka (D:2)
  5 bats
  4 giant newts
  3 kobolds
  7 rats
67 creatures vanquished.

Notes
Turn   | Place    | Note
-------+----------+-------------------------------------------
     0 | D:1      | vetinari the Naga Transmuter began the quest for the Orb.
     0 | D:1      | Reached XP level 1. HP: 18/18 MP: 3/3
   164 | D:1      | Reached XP level 2. HP: 24/25 MP: 3/5
   383 | D:1      | Reached skill level 3 in Transmutations
   383 | D:1      | Reached XP level 3. HP: 15/31 MP: 4/6
   862 | D:1      | Learned a level 3 spell: Spider Form
   865 | D:1      | Learned a level 2 spell: Sticks to Snakes
  1779 | D:2      | Reached XP level 4. HP: 36/38 MP: 7/7
  1864 | D:2      | Gained mutation: Your body sometimes deteriorates upon taking damage. [potion of mutation]
  1864 | D:2      | Gained mutation: Your spells are a little harder to cast, but a little more powerful. [potion of mutation]
  1864 | D:2      | Gained mutation: You passively map a small area around you. [potion of mutation]
  1865 | D:2      | Gained mutation: You are somewhat resistant to further mutation. [potion of mutation]
  1930 | D:2      | Reached skill level 4 in Transmutations
  2207 | D:3      | HP: 8/38 [giant gecko (4)]
  2591 | D:3      | Found a basalt altar of Yredelemnul.
  3126 | D:3      | Reached XP level 5. HP: 42/44 MP: 8/8
  3137 | D:3      | HP: 7/44 [orc priest/divine providence (13)]
  3138 | D:3      | Killed from afar by an orc priest

Vault maps used:
D:1:      dpeg_arrival_simpleton_b
D:3:      kennysheep_the_goblin_king, yredelemnul_altar_generic,
          amethyst_killhole

Skill      XL: |  1  2  3  4 |
---------------+-------------+-----
Transmutations | 3 4 |  4.7
Fighting       | |  1.2
Dodging        | |  1.6
Unarmed Combat | |  3.2
Spellcasting   | |  2.0

Action                   |  1- 3 |  4- 6 || total
-------------------------+-------+-------++-------
Melee: Unarmed           |    91 |    87 ||   178
       Headbutt          |     4 |     1 ||     5
       Punch             |     1 |       ||     1
 Cast: Beastly Appendage |     8 |     2 ||    10
       Spider Form       |       |     3 ||     3
 Abil: Spit Poison       |    27 |    19 ||    46
  Use: Scroll            |       |     6 ||     6
       Potion            |       |     4 ||     4
  Eat: Chunk             |     3 |     5 ||     8
Armor: Robe              |    24 |    11 ||    35
Dodge: Dodged            |    53 |    35 ||    88

Vault maps used:
D:1:      dpeg_arrival_simpleton_b
D:3:      kennysheep_the_goblin_king, yredelemnul_altar_generic,
          amethyst_killhole

Table legend:
 A = Turns spent in this place as a percentage of turns spent in the entire game.
 B = Non-inter-level travel turns spent in this place as a percentage of non-inter-level travel turns spent in the entire game.
 C = Inter-level travel turns spent in this place as a percentage of turns spent in this place.
 D = Turns resting spent in this place as a percentage of non-inter-level travel turns spent in this place.
 E = Turns spent auto-exploring this place as a percentage of non-inter-level travel turns spent in this place.
 F = Non-inter-level travel turns spent in this place divided by the number of levels of this place that you've seen.
                   A       B       C       D       E      F
               +-------+-------+-------+-------+-------+----------------------
         Total | 100.0 | 100.0 |   0.5 |   1.3 |   9.7 | 272.7
       Dungeon | 100.0 | 100.0 |   0.5 |   1.3 |   9.7 | 272.7
               +-------+-------+-------+-------+-------+----------------------

Table legend:
 A = Kills in this place as a percentage of kills in entire the game.
 B = Kills by you in this place as a percentage of kills by you in the entire game.
 C = Kills by friends in this place as a percentage of kills by friends in the entire game.
 D = Other kills in this place as a percentage of other kills in the entire game.
 E = Experience gained in this place as a percentage of experience gained in the entire game.
 F = Experience gained in this place divided by the number of levels of this place that you have seen.
                   A       B       C       D       E      F
               +-------+-------+-------+-------+-------+----------------------
         Total | 100.0 | 100.0 |  -nan |  -nan | 100.0 |  56.0
       Dungeon | 100.0 | 100.0 |  -nan |  -nan | 100.0 |  56.0
               +-------+-------+-------+-------+-------+----------------------
